 Dungeon Crawl Stone Soup version 0.24.0-13-gcf9b319 (webtiles) character file.

Game seed: 8308986185270807269, levelgen mode: deterministic

4847 Fang the Fighter (level 10, -4/99 HPs)
             Began as a Gargoyle Fighter on Dec 13, 2019.
             Was a Follower of Trog.
             Slain by a large slime creature (31 damage)
             ... on level 9 of the Dungeon.
             The game lasted 00:07:24 (7755 turns).

Fang the Fighter (Gargoyle Fighter)                 Turns: 7755, Time: 00:07:25

Health: -4/99      AC: 22    Str: 34    XL:     10   Next: 49%
Magic:  10/10      EV:  5    Int:  8    God:    Trog [*.....]
Gold:   573        SH: 22    Dex: 13    Spells: 9/9 levels left

rFire    . . .     SeeInvis .   a - +0 war axe
rCold    . . .     Gourm    .   B - +0 large shield
rNeg     + . .     Faith    .   b - +1 plate armour
rPois    ∞         Spirit   .   (no helmet)
rElec    +         Reflect  +   (no cloak)
rCorr    .         Harm     .   (no gloves)
MR       .....                  (no boots)
Stlth    ..........             q - +3 amulet of reflection
HPRegen  0.26/turn              v - +5 ring of strength
MPRegen  0.12/turn              s - +4 ring of dexterity

@: berserking, very quick
A: negative energy resistance 1, electricity resistance, unbreathing,
petrification resistance, rot immunity, AC +7
a: Berserk, Renounce Religion


You were on level 9 of the Dungeon.
You worshipped Trog.
Trog was aware of your devotion.
You were very hungry.

You visited 2 branches of the dungeon, and saw 10 of its levels.

You collected 633 gold pieces.
You spent 60 gold pieces at shops.

Inventory:

Hand Weapons
 a - a +0 war axe (weapon)
Armour
 b - a +1 plate armour (worn)
 B - a +0 large shield (worn)
Jewellery
 q - a +3 amulet of reflection (around neck)
 s - a +4 ring of dexterity (right hand)
 v - a +5 ring of strength (left hand)
Wands
 i - a wand of digging (3)
 j - a wand of disintegration (32)
 A - a wand of iceblast (12)
 D - a wand of flame (19)
Scrolls
 e - 4 scrolls of remove curse
 h - 6 scrolls of magic mapping
 o - a scroll of fear
 r - 2 scrolls of teleportation
 u - a scroll of fog
 y - 3 scrolls of identify
Potions
 d - a potion of might
 f - 2 potions of flight
 k - a potion of agility
 l - 2 potions of resistance
 m - a potion of magic
 n - a potion of mutation
 p - 2 potions of ambrosia
 t - 3 potions of curing
 w - 4 potions of heal wounds
 x - 2 potions of cancellation
Comestibles
 c - 17 rations
 g - 11 chunks of flesh


   Skills:
 + Level 9.0 Fighting
 + Level 7.1 Axes
 + Level 9.0 Armour
 + Level 8.9 Shields


You had 9 spell levels left.
You didn't know any spells.
Your spell library contained the following spells:

 Spells                   Type           Power        Failure   Level  Hunger
 Freeze                   Ice            #...         100%        1    ##.....
 Throw Frost              Conj/Ice       #.....       100%        2    ###....
 Ozocubu's Armour         Chrm/Ice       #.......     100%        3    ####...
 Summon Ice Beast         Ice/Summ       #.......     100%        4    #####..
 Throw Icicle             Conj/Ice       #.......     100%        4    #####..


Dungeon Overview and Level Annotations

Branches:
Dungeon (9/15)             Temple (1/1) D:7
   Lair: D:8-11         Orc: D:9-12

Altars:
Ashenzari
Cheibriados
Dithmenos
Elyvilon
Fedhas
Gozag
Hepliaklqana
Kikubaaqudgha
Makhleb
Nemelex Xobeh
Okawaru
Qazlal
Ru
Sif Muna
Trog
Uskayaw
Vehumet
Wu Jian
Xom
Yredelemnul
Zin
The Shining One

Shops:
D:7 !

Annotations:
D:7 1 runed translucent door


Innate Abilities, Weirdness & Mutations

You are resistant to torment.
Your stone body is resilient. (AC +7)
You are immune to poison.
You resist negative energy. (rN+)
You are resistant to electric shocks. (rElec)
You can survive without breathing.
You are immune to petrification.
You are immune to rotting.


Message History

You slash the slime creature!
You kill the slime creature!
Trog accepts your kill.
Your Armour skill increases to level 9!
The very large slime creature hits you.
* * * LOW HITPOINT WARNING * * *
You are too injured to fight recklessly!
You slash the very large slime creature!
The very large slime creature is heavily wounded.
A very large slime creature splits.
You slice the large slime creature!!
The large slime creature is severely wounded.
You slice the slime creature!!
You block the large slime creature's attack.
You slice the large slime creature!!
The large slime creature is severely wounded.
You hit the slime creature. The slime creature hits you.
* * * LOW HITPOINT WARNING * * *
The large slime creature hits you!!
You die...

+..... ......
#..... ...#.# .....
#..#.# #.###
..#.### .#. #.....
#.## ####..###
.#.########.......#
#.#....)..........#
.#.#######......@J#
#.#.. #.#####J.#
.#.### #[# #..#
#.## #.# ##..# .#.#
#.# .$# #.## #.#
#.# ### #.# .. #.#
..# ...


You could see a large slime creature and a slime creature.

Vanquished Creatures
  Pikel (D:5)
  A deep elf mage (D:7)
  Grinder (D:5)
  A slime creature (D:9)
  A hippogriff (D:9)
  6 yaks (D:9)
  A basilisk (shapeshifter) (D:9)
  2 soldier ants (D:8)
  2 water moccasins
  An orc warrior (D:6)
  3 phantoms
  3 slaves (D:5)
  An ogre (D:5)
  A centaur (D:3)
  A big kobold (D:7)
  2 bullfrogs (D:7)
  2 scorpions
  A wight (D:7)
  A crimson imp (D:8)
  6 hounds
  2 quasits
  3 orc priests
  2 centaur skeletons (D:7)
  2 iguanas
  6 orc wizards
  5 worker ants
  3 hound skeletons
  15 gnolls
  7 adders
  An ooze (D:3)
  An adder zombie (D:5)
  2 adder skeletons
  3 dart slugs
  3 leopard geckos
  22 orcs
  11 giant cockroaches
  6 goblins
  5 hobgoblins
  8 jackals
  3 kobolds (D:2)
  A quokka (D:6)
  2 ball pythons
  9 bats
  6 frilled lizards
  A goblin zombie (D:6)
  A hobgoblin zombie (D:6)
  A jackal skeleton (D:8)
  A kobold zombie (D:6)
  2 orc skeletons (D:6)
  2 orc zombies (D:6)
  A quokka skeleton (D:5)
  3 rats (D:2)
178 creatures vanquished.

Notes
Turn   | Place    | Note
-------+----------+-------------------------------------------
     0 | D:1      | Fang the Gargoyle Fighter began the quest for the Orb.
     0 | D:1      | Reached XP level 1. HP: 14/14 MP: 1/1
   234 | D:1      | Reached XP level 2. HP: 17/19 MP: 2/2
   781 | D:2      | Reached XP level 3. HP: 10/23 MP: 3/3
  1045 | D:2      | Reached XP level 4. HP: 24/29 MP: 4/4
  1916 | D:3      | Reached XP level 5. HP: 26/33 MP: 5/5
  2136 | D:3      | Noticed a centaur
  2146 | D:3      | Killed a centaur
  2146 | D:3      | Reached XP level 6. HP: 30/39 MP: 6/6
  2343 | D:4      | Noticed a phantom
  2423 | D:3      | Killed a phantom
  2423 | D:3      | Reached skill level 5 in Armour
  2579 | D:4      | Reached skill level 5 in Fighting
  2583 | D:4      | Reached skill level 5 in Shields
  2585 | D:4      | Reached XP level 7. HP: 43/44 MP: 7/7
  3069 | D:5      | Entered Level 5 of the Dungeon
  3463 | D:5      | Reached XP level 8. HP: 39/51 MP: 8/8
  3605 | D:5      | Noticed Pikel
  3629 | D:5      | Killed Pikel
  3629 | D:5      | Reached skill level 5 in Axes
  3637 | D:5      | You fall into a shaft and drop 1 floor!
  3898 | D:6      | Found a glowing golden altar of the Shining One.
  3937 | D:6      | Reached XP level 9. HP: 49/56 MP: 9/9
  4339 | D:6      | Found a sparkling altar of Nemelex Xobeh.
  4715 | D:5      | Noticed Grinder
  4732 | D:5      | Paralysed by Grinder for 7 turns
  4743 | D:5      | Killed Grinder
  5291 | D:7      | Found a staircase to the Ecumenical Temple.
  5312 | Temple   | Entered the Ecumenical Temple
  5527 | Temple   | Became a worshipper of Trog the Wrathful
  5668 | D:7      | Noticed a deep elf mage
  6062 | D:7      | Found Dietzeut's Distillery.
  6074 | D:7      | Bought a potion of heal wounds for 60 gold pieces
  6171 | D:7      | Killed a deep elf mage
  6418 | D:7      | Found a runed translucent door.
  6431 | D:7      | Found a runed translucent door.
  6911 | D:8      | Found a glowing golden altar of the Shining One.
  6977 | D:8      | Reached * piety under Trog
  7123 | D:8      | Reached XP level 10. HP: 64/64 MP: 10/10
  7527 | D:9      | Found a blossoming altar of Fedhas.
  7755 | D:9      | Slain by a large slime creature

Levels and vault maps discovered:
D:1:      lightli_arrival_quake, layout_loops_ring
D:2:      minmay_recursive_quarters, layout_loops_ring
D:3:      layout_loops_ring, hangedman_decor_push
D:4:      layout_basic
D:5:      layout_loops_ring, first_ration, uniq_grinder, uniq_pikel
D:6:      layout_cave_pods, nicolae_tso_besieged_by_evil,
          nemelex_spade_bored_becter
D:7:      minmay_the_grid_triangle_9x9_rhombus_full
          [minmay_the_grid_triangle_9x9_intruding_spiral,
          minmay_the_grid_triangle_9x9_impossible_snake,
          minmay_the_grid_triangle_9x9_steps,
          minmay_the_grid_triangle_9x9_cache,
          minmay_the_grid_triangle_9x9_tough_junction,
          minmay_the_grid_triangle_9x9_sparse_checkered,
          minmay_the_grid_triangle_9x9_sprig,
          minmay_the_grid_triangle_9x9_prize_top_heavy], layout_gridville,
          minmay_temple_entry_trees, serial_shops, shop,
          minmay_a_box_with_orc_wizards_in_it
D:8:      layout_loops_ring, basic_altar, hangedman_pestilent_swarm,
          grunt_ministairs_2, minivault_10
D:9:      layout_basic, orc_0_dummy, basic_altar, statue_in_the_mist_lemuel,
          uniq_maurice
Temple:   grunt_wide_crystal_templ

Skill      XL: |  1  2  3  4  5  6  7  8  9 10 |
---------------+-------------------------------+-----
Axes           | 2 3 4 5 6 7 |  7.1
Armour         | 4 5 6 8 9 |  9.0
Shields        | 4 5 6 8 |  8.9
Fighting       | 4 5 6 8 9 |  9.0

Action                   |  1- 3 |  4- 6 |  7- 9 | 10-12 || total
-------------------------+-------+-------+-------+-------++-------
Melee: War axe           |   107 |   160 |   513 |   110 ||   890
Invok: Berserk           |       |       |       |     1 ||     1
  Use: Scroll            |       |       |    21 |       ||    21
       Potion            |       |       |     2 |       ||     2
  Eat: Chunk             |     1 |     5 |     8 |     3 ||    17
       Ration            |       |       |     2 |       ||     2
Armor: Scale mail        |    23 |       |       |       ||    23
       Plate armour      |    75 |   185 |   366 |    54 ||   680
Dodge: Dodged            |    27 |    56 |   114 |    19 ||   216
Block: Shield            |    60 |   132 |   296 |    70 ||   558
       Large shield      |       |       |       |    26 ||    26
       Reflection        |       |       |       |     1 ||     1
